PBL
TROIS-RIVERES AIGLES @ COLUMBUS REDS
10/09/2048
 
TOP OF THE 1ST
Trois-Riveres Aigles batting - Pitching for York Revolution : RHP Alberto Cordovi
Pitching: RHP Alberto Cordovi
Batting: RHB Chris Petersen 0-0: Called Strike
0-1: Ground out 6-3 (Groundball, 6, EV 78.1 MPH)
Batting: RHB Cesar Gutierrez 0-0: Swinging Strike
0-1: Foul Ball, location: 2F
0-2: Fly out, F8 (Flyball, 8RM, EV 95.6 MPH)
Batting: RHB Shinji Aizawa 0-0: Ball
1-0: Called Strike
1-1: Ball
2-1: Ground out U3 (Groundball, 3, EV 104.4 MPH)
Top of the 1st over - 0 runs, 0 hits, 0 errors, 0 left on base; Trois-Riveres 0 - York 0
BOTTOM OF THE 1ST
York Revolution batting - Pitching for Trois-Riveres Aigles : RHP Bobby Zenteno
Pitching: RHP Bobby Zenteno
Batting: LHB Ignacio Bernal 0-0: Ball
1-0: Ball
2-0: Ball
3-0: Base on Balls
Batting: LHB Jian-ying Huang 0-0: Ball
1-0: DOUBLE (Line Drive, 78D, EV 105.0 MPH)
Ignacio Bernal to third
Batting: RHB Taylor Phillips 0-0: Ball
1-0: Fly out, F7 (Flyball, 7LM, EV 90.6 MPH)
Runner from 3rd tags up, SCORES, no throw by LF
Batting: LHB Marvin Marroquin 0-0: Called Strike
0-1: Foul Ball, location: 2F
0-2: Ball
1-2: Ball
2-2: Fly out, F8 (Flyball, 89M, EV 88.8 MPH)
Batting: SHB Jon Rader 0-0: Ball
1-0: Ball
2-0: Ball
3-0: Called Strike
3-1: Base on Balls
Batting: RHB Toshiaki Oishi 0-0: Called Strike
0-1: Fielders Choice at 2nd, 6-4 (Groundball, 6, EV 87.5 MPH)
Bottom of the 1st over - 1 run, 1 hit, 0 errors, 2 left on base; Trois-Riveres 0 - York 1
TOP OF THE 2ND
Trois-Riveres Aigles batting - Pitching for York Revolution : RHP Alberto Cordovi
Batting: LHB Robin More 0-0: DOUBLE (Line Drive, 89D, EV 108.1 MPH)
Batting: RHB Scott Medina 0-0: Ball
1-0: Ground out 5-3 (Groundball, 5S, EV 72.5 MPH)
Robin More to third
Batting: RHB Dermott Kennelly 0-0: Called Strike
0-1: Fly out, F9 (Flyball, 9S, EV 85.0 MPH)
Batting: RHB Ulbrecht Bernstein 0-0: Ball
1-0: Ball
2-0: Fly out, F8 (Flyball, 8LD, EV 89.4 MPH)
Top of the 2nd over - 0 runs, 1 hit, 0 errors, 1 left on base; Trois-Riveres 0 - York 1
BOTTOM OF THE 2ND
York Revolution batting - Pitching for Trois-Riveres Aigles : RHP Bobby Zenteno
Batting: RHB Matt League 0-0: Ball
1-0: Ball
2-0: Ball
3-0: Base on Balls
Batting: RHB Kakaio Nara 0-0: Ball
1-0: Ball
2-0: Foul Ball, location: 2F
2-1: Ball
3-1: Called Strike
3-2: SINGLE (Groundball, 4M, EV 97.5 MPH)
Matt League to second
Runner from 2nd tries for 3rd, SAFE, throw by CF made to third
Batting: SHB Nick Bortner 0-0: Ball
Kakaio Nara steals 2nd base
1-0: SINGLE (Flyball, 9S, EV 97.5 MPH) - OUT at second base trying to stretch hit.
Matt League scores
Kakaio Nara scores
Batting: LHB Ignacio Bernal 0-0: Ball
1-0: Foul Ball, location: 2F
1-1: Ball
2-1: Ball
3-1: Foul Ball, location: 2F
3-2: Foul Ball, location: 2F
3-2: SINGLE (Groundball, 34D, EV 97.5 MPH)
Batting: LHB Jian-ying Huang 0-0: Ball
1-0: Foul Ball, location: 2F
1-1: Called Strike
1-2: Strikes out looking
Batting: RHB Taylor Phillips 0-0: Foul Ball, location: 2F
0-1: Ball
1-1: Ball
2-1: SINGLE (Line Drive, 9LS, EV 100.0 MPH)
Ignacio Bernal to second
Runner from 2nd tries for 3rd, SAFE, no throw by RF
Batting: LHB Marvin Marroquin 0-0: Called Strike
0-1: Ball
1-1: Called Strike
1-2: Strikes out swinging
Bottom of the 2nd over - 2 runs, 4 hits, 0 errors, 2 left on base; Trois-Riveres 0 - York 3
TOP OF THE 3RD
Trois-Riveres Aigles batting - Pitching for York Revolution : RHP Alberto Cordovi
Batting: RHB Pat Hopkins 0-0: Ball
1-0: SINGLE (Groundball, 6MD, EV 105.0 MPH)
Batting: RHB Rob Parsons 0-0: Foul Ball, location: 2F
0-1: Ball
1-1: Foul Ball, location: 2F
1-2: Strikes out looking
Batting: RHB Chris Petersen 0-0: Swinging Strike
0-1: Foul Ball, location: 2F
0-2: Strikes out looking
Batting: RHB Cesar Gutierrez 0-0: Called Strike
0-1: Fly out, F8 (Flyball, 8RD, EV 87.5 MPH)
Top of the 3rd over - 0 runs, 1 hit, 0 errors, 1 left on base; Trois-Riveres 0 - York 3
BOTTOM OF THE 3RD
York Revolution batting - Pitching for Trois-Riveres Aigles : RHP Bobby Zenteno
Batting: SHB Jon Rader 0-0: Ball
1-0: Ball
2-0: Ball
3-0: Called Strike
3-1: Base on Balls
Batting: RHB Toshiaki Oishi 0-0: Ball
1-0: Ball
2-0: Fly out, F8 (Flyball, 8RD, EV 108.8 MPH)
Batting: RHB Matt League 0-0: Ball
1-0: Foul Ball, location: 2F
1-1: Ball
2-1: SINGLE (Line Drive, 7LS, EV 105.0 MPH)
Jon Rader to second
Batting: RHB Kakaio Nara 0-0: Called Strike
0-1: Ball
1-1: Ball
2-1: DOUBLE (Groundball, 5L, EV 109.4 MPH)
Jon Rader scores
Matt League to third
Batting: SHB Nick Bortner 0-0: Foul Ball, location: 2F
0-1: Ball
1-1: Foul Ball, location: 2F
1-2: Reached on error, E6 (Groundball, 56D, EV 101.3 MPH)
Matt League scores
Kakaio Nara to third
Batting: LHB Ignacio Bernal 0-0: Ball
1-0: Ball
2-0: Ball
3-0: Called Strike
3-1: Base on Balls
Nick Bortner to second
Batting: LHB Jian-ying Huang 0-0: Called Strike
0-1: Swinging Strike
0-2: Strikes out swinging
Batting: RHB Taylor Phillips 0-0: Ball
1-0: Foul Ball, location: 2F
1-1: Ball
2-1: Called Strike
2-2: Fly out, F9 (Flyball, 9, EV 96.3 MPH)
Bottom of the 3rd over - 2 runs, 2 hits, 1 error, 3 left on base; Trois-Riveres 0 - York 5
TOP OF THE 4TH
Trois-Riveres Aigles batting - Pitching for York Revolution : RHP Alberto Cordovi
Batting: RHB Shinji Aizawa 0-0: Foul Ball, location: 2F
0-1: Ball
1-1: Ground out 5-3 (Groundball, 56, EV 91.9 MPH)
Batting: LHB Robin More 0-0: Foul Ball, location: 2F
0-1: Ball
1-1: Called Strike
1-2: Foul Ball, location: 2F
1-2: Ball
2-2: Ground out 6-3 (Groundball, 56, EV 106.3 MPH)
Batting: RHB Scott Medina 0-0: Ball
1-0: Called Strike
1-1: Foul Ball, location: 2F
1-2: Ball
2-2: Ball
3-2: Foul Ball, location: 2F
3-2: Foul Ball, location: 2F
3-2: Strikes out swinging
Top of the 4th over - 0 runs, 0 hits, 0 errors, 0 left on base; Trois-Riveres 0 - York 5
BOTTOM OF THE 4TH
York Revolution batting - Pitching for Trois-Riveres Aigles : RHP Bobby Zenteno
Pitching: RHP Jose Arango
Batting: LHB Marvin Marroquin 0-0: Swinging Strike
0-1: Ball
1-1: Fly out, F7 (Flyball, 7LS, EV 84.4 MPH)
Batting: SHB Jon Rader 0-0: Called Strike
0-1: Ball
1-1: Called Strike
1-2: Foul Ball, location: 2F
1-2: Ball
2-2: Foul Ball, location: 2F
2-2: Ball
3-2: Base on Balls
Batting: RHB Toshiaki Oishi 0-0: Ball
1-0: Ball
2-0: Called Strike
2-1: Fly out, F6 (Popup, 6M, EV 66.3 MPH)
Batting: RHB Matt League 0-0: Ball
1-0: Foul Ball, location: 2F
1-1: DOUBLE (Line Drive, 3D, EV 99.4 MPH)
Jon Rader to third
Runner from 3rd tries for Home, SAFE, throw by RF to trailing runner, SAFE at third!
Batting: RHB Kakaio Nara 0-0: Foul Ball, location: 2F
0-1: Ball
1-1: SINGLE (Flyball, 7LM, EV 90.0 MPH)
Matt League scores
Pitching: RHP Juan Hernandez
Batting: SHB Nick Bortner 0-0: Ball
1-0: Fly out, F8 (Flyball, 89S, EV 84.4 MPH)
Bottom of the 4th over - 2 runs, 2 hits, 0 errors, 1 left on base; Trois-Riveres 0 - York 7
TOP OF THE 5TH
Trois-Riveres Aigles batting - Pitching for York Revolution : RHP Alberto Cordovi
Batting: RHB Dermott Kennelly 0-0: Foul Ball, location: 2F
0-1: Ground out 4-3 (Groundball, 4S, EV 71.9 MPH)
Batting: RHB Ulbrecht Bernstein 0-0: Ball
1-0: Called Strike
1-1: Ball
2-1: Foul Ball, location: 2F
2-2: Ball
3-2: Ground out 6-3 (Groundball, 6, EV 91.9 MPH)
Batting: RHB Pat Hopkins 0-0: Called Strike
0-1: Called Strike
0-2: Fly out, F8 (Line Drive, 8LM, EV 86.3 MPH)
Top of the 5th over - 0 runs, 0 hits, 0 errors, 0 left on base; Trois-Riveres 0 - York 7
BOTTOM OF THE 5TH
York Revolution batting - Pitching for Trois-Riveres Aigles : RHP Juan Hernandez
Batting: LHB Ignacio Bernal 0-0: Called Strike
0-1: SINGLE (Groundball, 4MD, EV 99.4 MPH)
Batting: LHB Jian-ying Huang 0-0: Called Strike
0-1: Foul Ball, location: 2F
0-2: DOUBLE (Flyball, 8LXD, EV 101.3 MPH)
Ignacio Bernal to third
Batting: RHB Taylor Phillips 0-0: DOUBLE (Line Drive, 78D, EV 105.0 MPH)
Ignacio Bernal scores
Jian-ying Huang scores
Batting: LHB Marvin Marroquin 0-0: Ball
1-0: Foul Ball, location: 2F
1-1: Ball
2-1: Foul Ball, location: 2F
2-2: Foul Ball, location: 2F
2-2: Foul Ball, location: 2F
2-2: Fly out, F6 (Popup, P, EV 73.8 MPH)
Batting: SHB Jon Rader 0-0: Fly out, F7 (Flyball, 7S, EV 93.8 MPH)
Batting: RHB Toshiaki Oishi 0-0: Ball
1-0: Called Strike
1-1: Foul Ball, location: 2F
1-2: Fly out, F9 (Flyball, 9S, EV 90.6 MPH)
Bottom of the 5th over - 2 runs, 3 hits, 0 errors, 1 left on base; Trois-Riveres 0 - York 9
TOP OF THE 6TH
Trois-Riveres Aigles batting - Pitching for York Revolution : RHP Alberto Cordovi
Batting: RHB Rob Parsons 0-0: Ball
1-0: Swinging Strike
1-1: Ball
2-1: Ball
3-1: Called Strike
3-2: DOUBLE (Line Drive, 89D, EV 100.0 MPH)
Batting: RHB Chris Petersen 0-0: Ball
1-0: Ball
2-0: Ground out 4-3 (Groundball, 4MS, EV 63.8 MPH)
Rob Parsons to third
Batting: RHB Cesar Gutierrez 0-0: 2-RUN HOME RUN (Flyball, 7LD, EV 91.9 MPH), Distance : 343 ft
Batting: RHB Shinji Aizawa 0-0: Ball
1-0: Foul Ball, location: 2F
1-1: Foul Ball, location: 2F
1-2: Foul Ball, location: 2F
1-2: Foul Ball, location: 2F
1-2: Ball
2-2: Ball
3-2: Base on Balls
Batting: LHB Robin More 0-0: Foul Ball, location: 2F
0-1: Called Strike
0-2: Ball
1-2: SINGLE (Groundball, 56D, EV 105.6 MPH)
Shinji Aizawa to second
Batting: RHB Scott Medina 0-0: Ball
1-0: Foul Ball, location: 2F
1-1: Swinging Strike
1-2: Ball
2-2: Ball
3-2: Foul Ball, location: 2F
3-2: Base on Balls
Shinji Aizawa to third
Robin More to second
Pitching: RHP Ben Ondras
Batting: RHB Dermott Kennelly 0-0: Ball
1-0: Foul Ball, location: 2F
1-1: Ball
2-1: Foul Ball, location: 2F
2-2: Fly out, F8 (Flyball, 8RM, EV 76.9 MPH)
Runner from 3rd tags up, SCORES, throw by CF
Batting: RHB Ulbrecht Bernstein 0-0: Called Strike
0-1: Fly out, F8 (Flyball, 89M, EV 86.9 MPH)
Top of the 6th over - 3 runs, 3 hits, 0 errors, 2 left on base; Trois-Riveres 3 - York 9
BOTTOM OF THE 6TH
York Revolution batting - Pitching for Trois-Riveres Aigles : RHP Juan Hernandez
Batting: RHB Matt League 0-0: Ground out 4-3 (Groundball, 4, EV 97.5 MPH)
Batting: RHB Kakaio Nara 0-0: Ball
1-0: Foul Ball, location: 2F
1-1: Ground out 4-3 (Groundball, 4M, EV 101.9 MPH)
Batting: SHB Nick Bortner 0-0: Swinging Strike
0-1: Hit by Pitch
Batting: LHB Ignacio Bernal 0-0: Called Strike
Nick Bortner steals 2nd base (no throw)
0-1: Ball
1-1: Ball
2-1: Ball
3-1: Base on Balls
Batting: LHB Jian-ying Huang 0-0: Ball
1-0: Foul Ball, location: 2F
1-1: Ball
2-1: Foul Ball, location: 2F
2-2: Fielders Choice at 2nd, 5-4 (Groundball, 56, EV 85.0 MPH)
Bottom of the 6th over - 0 runs, 0 hits, 0 errors, 2 left on base; Trois-Riveres 3 - York 9
TOP OF THE 7TH
Trois-Riveres Aigles batting - Pitching for York Revolution : RHP Ben Ondras
Batting: RHB Pat Hopkins 0-0: Called Strike
0-1: Called Strike
0-2: Strikes out swinging
Batting: RHB Rob Parsons 0-0: Called Strike
0-1: Foul Ball, location: 2F
0-2: Foul Ball, location: 2F
0-2: Ball
1-2: Ball
2-2: SINGLE (Line Drive, 7S, EV 90.6 MPH)
Batting: RHB Chris Petersen 0-0: Called Strike
0-1: Called Strike
0-2: Foul Ball, location: 2F
0-2: Ball
1-2: Foul Ball, location: 2F
1-2: Grounds into double play, 6-4-3 (Groundball, 6, EV 109.4 MPH)
Top of the 7th over - 0 runs, 1 hit, 0 errors, 0 left on base; Trois-Riveres 3 - York 9
BOTTOM OF THE 7TH
York Revolution batting - Pitching for Trois-Riveres Aigles : RHP Juan Hernandez
Batting: RHB Taylor Phillips 0-0: Called Strike
0-1: Swinging Strike
0-2: Ball
1-2: Foul Ball, location: 2F
1-2: SINGLE (Line Drive, 6M, EV 101.9 MPH)
Batting: LHB Marvin Marroquin 0-0: Called Strike
0-1: Foul Ball, location: 2F
0-2: Grounds into double play, 4-6-3 (Groundball, 34, EV 104.4 MPH)
Batting: SHB Jon Rader 0-0: Called Strike
0-1: Ball
1-1: Ball
2-1: Ball
3-1: Base on Balls
Batting: RHB Toshiaki Oishi 0-0: Called Strike
0-1: Ball
Wild Pitch!
Jon Rader to second
1-1: Called Strike
1-2: Foul Ball, location: 2F
1-2: Fly out, F7 (Line Drive, 7, EV 103.8 MPH)
Bottom of the 7th over - 0 runs, 1 hit, 0 errors, 1 left on base; Trois-Riveres 3 - York 9
TOP OF THE 8TH
Trois-Riveres Aigles batting - Pitching for York Revolution : RHP Ben Ondras
Batting: RHB Cesar Gutierrez 0-0: DOUBLE (Flyball, 78XD, EV 96.3 MPH)
Batting: RHB Shinji Aizawa 0-0: Ball
1-0: Foul Ball, location: 2F
1-1: Ground out 2-3 (Groundball, 15S, EV 68.1 MPH)
Cesar Gutierrez to third
Batting: LHB Robin More 0-0: Called Strike
0-1: Ball
1-1: Swinging Strike
1-2: 2-RUN HOME RUN (Flyball, 89XD, EV 101.9 MPH), Distance : 384 ft
Batting: RHB Scott Medina 0-0: Called Strike
0-1: Ball
1-1: SOLO HOME RUN (Flyball, 9D, EV 93.8 MPH), Distance : 348 ft
Pitching: LHP Elwiin Balster
Batting: RHB Dermott Kennelly 0-0: Called Strike
0-1: Ball
1-1: Foul Ball, location: 2F
1-2: Strikes out swinging
Batting: RHB Ulbrecht Bernstein 0-0: Called Strike
0-1: Ball
1-1: Foul Ball, location: 2F
1-2: Ball
2-2: Ground out 4-3 (Groundball, 4M, EV 88.1 MPH)
Top of the 8th over - 3 runs, 3 hits, 0 errors, 0 left on base; Trois-Riveres 6 - York 9
BOTTOM OF THE 8TH
York Revolution batting - Pitching for Trois-Riveres Aigles : RHP Juan Hernandez
Batting: RHB Matt League 0-0: Called Strike
0-1: Ball
1-1: Ball
2-1: Foul Ball, location: 2F
2-2: SINGLE (Line Drive, 89M, EV 105.6 MPH)
Batting: RHB Kakaio Nara 0-0: Ball
1-0: Ball
2-0: Ball
3-0: Called Strike
3-1: Grounds into double play, 5-4-3 (Groundball, 56S, EV 80.0 MPH)
Pitching: RHP Nick Jones
Batting: SHB Nick Bortner 0-0: Swinging Strike
0-1: Ball
1-1: Ground out U3 (Groundball, 34, EV 104.4 MPH)
Bottom of the 8th over - 0 runs, 1 hit, 0 errors, 0 left on base; Trois-Riveres 6 - York 9
TOP OF THE 9TH
Trois-Riveres Aigles batting - Pitching for York Revolution : LHP Elwiin Balster
Pitching: LHP Jesus Zapata
Batting: RHB Pat Hopkins 0-0: Ball
1-0: SINGLE (Line Drive, 8RS, EV 106.3 MPH)
Batting: RHB Rob Parsons 0-0: Called Strike
0-1: Called Strike
0-2: Grounds into double play, 5-4-3 (Groundball, 56S, EV 83.1 MPH)
Batting: RHB Chris Petersen 0-0: Called Strike
0-1: Called Strike
0-2: Strikes out swinging
Top of the 9th over - 0 runs, 1 hit, 0 errors, 0 left on base; Trois-Riveres 6 - York 9
Tuesday, March 28th , 2023 - OOTP Baseball 23.10 Build 110